 Dungeon Crawl Stone Soup version 0.25-a0-668-gea548f19b6 (webtiles) character file.

Game seed: 9979669127403903171, levelgen mode: deterministic

154 Alarkh the Ruffian (level 5, 41/41 HPs)
             Began as a Demonspawn Fighter on Mar 28, 2020.
             Got out of the dungeon alive.
             The game lasted 00:01:41 (1726 turns).

Alarkh the Ruffian (Demonspawn Fighter)             Turns: 1726, Time: 00:01:41

Health: 41/41      AC:  7    Str: 16      XL:     5   Next: 13%
Magic:  5/5        EV:  7    Int: 10      God:
Gold:   89         SH:  8    Dex: 11 (13) Spells: 4/4 levels left

rFire    . . .     SeeInvis .     - Unarmed
rCold    . . .     Gourm    .   b - +0 kite shield
rNeg     . . .     Faith    .   a - +0 scale mail
rPois    .         Spirit   .   (no helmet)
rElec    .         Reflect  .   h - +0 cloak
rCorr    .         Harm     .   (no gloves)
MR       .....                  (no boots)
Stlth    ..........             (no amulet)
HPRegen  0.13/turn              (no ring)
MPRegen  0.09/turn              (no ring)

@: no status effects
A: hooves 1, powered by pain 1, sturdy frame 1
a: no special abilities


You escaped.
You were not hungry.

You visited 1 branch of the dungeon, and saw 3 of its levels.

You collected 89 gold pieces.

Inventory:

Armour
 a - a +0 scale mail (worn)
 b - a +0 kite shield (worn)
 h - a +0 cloak (worn)
Scrolls
 g - 2 scrolls of identify {unknown}
 j - 4 scrolls of teleportation {unknown}
 k - a scroll of remove curse {unknown}
 l - a scroll of blinking {unknown}
 m - a scroll of magic mapping {unknown}
Potions
 c - a potion of might
 i - 2 potions of degeneration
 n - a potion of curing
 o - a potion of cancellation {unknown}
Comestibles
 d - 6 rations


   Skills:
 - Level 3.0 Fighting
 - Level 2.6 Armour
 - Level 2.6 Shields
 + Level 4.9 Unarmed Combat


You had 4 spell levels left.
You didn't know any spells.
Your spell library was empty.

Dungeon Overview and Level Annotations

Branches:
Dungeon (3/15)

Altars:


Innate Abilities, Weirdness & Mutations

You have large cloven feet.
You sometimes gain a little power by taking damage.
Your movements are slightly less encumbered by armour. (ER -2)


Message History

No target in view!
No target in view!
No target in view!
No target in view!
No target in view!
Some of the chunks of flesh in your inventory have rotted away.
Some of the chunks of flesh in your inventory have rotted away.
Items here: )) [ รทรทรท All of the chunks of flesh in your inventory have rotted away.
There is a stone staircase leading up here.
You climb upwards.
There is a stone staircase leading down here.
HP restored.
There is a stone staircase leading up here.
You climb upwards.
There is a stone staircase leading down here.
There is an open door here.
There is a staircase leading out of the dungeon here.
Are you sure you want to leave the Dungeon?
This will make you lose the game!
You have escaped!

................### ##....##.
#...............## #####........
.................# #............
###............#.####............
##..........##........(...#....
#...........##...........##....
#.......#'####'####+#.#####....
#.......#...........#.# #....
#.......######@######.# #####
#............###......#
##........##..........#
##........#...#.......#
#............##########
#..........### #..........#
#..........# #.....(....#


There were no monsters in sight!

Vanquished Creatures
  2 orc wizards (D:3)
  Jessica (D:3)
  2 adders (D:2)
  An ooze (D:1)
  3 dart slugs
  2 leopard geckos (D:1)
  2 orcs (D:3)
  6 bats
  A giant cockroach (D:2)
  3 goblins
  4 hobgoblins
  4 jackals (D:3)
  3 kobolds (D:1)
  A frilled lizard (D:2)
  5 rats
40 creatures vanquished.

Notes
Turn   | Place    | Note
-------+----------+-------------------------------------------
     0 | D:1      | Alarkh the Demonspawn Fighter began the quest for the Orb.
     0 | D:1      | Reached XP level 1. HP: 18/18 MP: 1/1
    32 | D:1      | Reached skill level 2 in Unarmed Combat
   215 | D:1      | Gained mutation: You sometimes gain a little power by
                  | taking damage. [demonic ancestry]
   215 | D:1      | Reached XP level 2. HP: 19/24 MP: 2/2
   378 | D:1      | Reached skill level 3 in Unarmed Combat
   614 | D:2      | Found a faded altar of an unknown god.
   735 | D:2      | Reached XP level 3. HP: 22/29 MP: 3/3
  1377 | D:3      | Reached skill level 4 in Unarmed Combat
  1377 | D:3      | Gained mutation: You have large cloven feet. [demonic
                  | ancestry]
  1377 | D:3      | Reached XP level 4. HP: 21/35 MP: 4/4
  1433 | D:3      | Noticed Jessica
  1444 | D:3      | Killed Jessica
  1444 | D:3      | Gained mutation: Your movements are slightly less
                  | encumbered by armour. (ER -2) [demonic ancestry]
  1444 | D:3      | Reached XP level 5. HP: 23/41 MP: 5/5
  1726 | D:$      | Got out of the dungeon alive.

Levels and vault maps discovered:
D:1:      minmay_arrival_three_doors, layout_rooms
D:2:      layout_loops_ring, chequers_ecumenical_altar_simple
D:3:      layout_loops_ring, uniq_jessica

Skill      XL: |  1  2  3 |
---------------+----------+-----
Unarmed Combat | 2 3 4 |  4.9
Fighting       | |  3.0
Armour         | |  2.6
Shields        | |  2.6

Action                   |  1- 3 |  4- 6 || total
-------------------------+-------+-------++-------
Melee: Unarmed           |   143 |    66 ||   209
       Kick              |       |    14 ||    14
  Use: Potion            |     3 |     1 ||     4
  Eat: Chunk             |     2 |     1 ||     3
Armor: Scale mail        |    56 |    45 ||   101
Dodge: Dodged            |    37 |    18 ||    55
Block: Kite shield       |    62 |    31 ||    93

Table legend:
 A = Non-vault XP
 B = Vault XP
 C = Vault XP percentage of total XP
 D = Non-vault monster count
 E = Vault monster count
 F = Vault count percentage of total count
                 A         B        C        D         E       F
            +---------+---------+-------+---------+---------+-------
      Total |     183 |      37 |  16.8 |      39 |       1 |   2.5
            +---------+---------+-------+---------+---------+-------
        D:1 |      35 |       0 |   0.0 |      15 |       0 |   0.0
        D:2 |      37 |       0 |   0.0 |       8 |       0 |   0.0
        D:3 |     111 |      37 |  25.0 |      16 |       1 |   5.9
            +---------+---------+-------+---------+---------+-------
